 Dungeon Crawl Stone Soup version 0.23.2-30-g0e89c35649 (webtiles) character file.

Game seed: 8956323899332048039

10892 H0rd4k the Slinger (level 12, -3/91 HPs)
             Began as a Human Artificer on June 19, 2019.
             Was an Initiate of Gozag.
             Slain by a komodo dragon (19 damage)
             ... on level 9 of the Dungeon.
             The game lasted 00:43:16 (15799 turns).

H0rd4k the Slinger (Human Artificer)               Turns: 15799, Time: 00:43:17

Health: -3/91      AC:  7    Str: 14    XL:     12   Next: 0%
Magic:  24/24      EV: 14    Int: 12    God:    Gozag
Gold:   918        SH:  0    Dex: 17    Spells: 13/15 levels left

rFire    + + +     SeeInvis +   h - +2 shortbow (flame)
rCold    . . .     Gourm    .   (shield currently unavailable)
rNeg     . . .     Faith    .   S - +0 leather armour of Integrity {rF+}
rPois    +         Spirit   .   T - +0 helmet "Bisk" {rPois rF+ SInv}
rElec    .         Reflect  .   w - +2 cloak {MR+}
rCorr    .         Harm     .   (no gloves)
MR       +....                  (no boots)
Stlth    +++.......             (no amulet)
HPRegen  0.25/turn              B - ring of protection from fire
MPRegen  0.19/turn              J - ring of magical power

@: no status effects
A: no striking features
a: Potion Petition, Call Merchant, Bribe Branch, Renounce Religion


You were on level 9 of the Dungeon.
You worshipped Gozag.
Gozag was pleased with you.
You were not hungry.

You visited 3 branches of the dungeon, and saw 13 of its levels.

You collected 1842 gold pieces.
You spent 848 gold pieces at shops.
You paid 76 gold pieces to Gozag.

Inventory:

Hand Weapons
 h - a +2 shortbow of flaming (weapon)
 k - a +3 hunting sling of velocity
 H - a +1 dagger of venom
 I - a +1 falchion of holy wrath
Missiles
 q - 234 stones
 y - 18 sling bullets
 E - 152 arrows (quivered)
Armour
 l - a +1 helmet
 w - a +2 cloak of magic resistance (worn)
 S - the +0 leather armour of Integrity (worn) {rF+}
   (You bought it in a shop on level 4 of the Dungeon)

   It protects you from fire.
 T - the +0 helmet "Bisk" (worn) {rPois rF+ SInv}
   (You bought it in a shop on level 4 of the Dungeon)

   It protects you from fire.
   It protects you from poison.
   It lets you see invisible.
Magical Staves
 b - an uncursed staff of energy
 O - an uncursed staff of summoning
Jewellery
 s - an uncursed amulet of the gourmand
 B - a ring of protection from fire (left hand)
 J - a ring of magical power (right hand)
 N - an uncursed ring of flight
Wands
 a - a wand of scattershot (1)
 c - a wand of flame (24)
 d - a wand of enslavement (31)
 e - a wand of random effects (15)
 C - a wand of iceblast (11)
 D - a wand of paralysis (9)
 G - a wand of polymorph (11)
Scrolls
 n - 5 scrolls of identify
 o - 5 scrolls of amnesia
 r - 9 scrolls of teleportation
 u - 5 scrolls of magic mapping
 v - 3 scrolls of blinking
 x - 2 scrolls of enchant armour
 A - a scroll of holy word {unknown}
 K - a scroll of fog
 M - a scroll of noise {unknown}
Potions
 g - 5 potions of curing
 i - 3 potions of magic
 j - 11 potions of degeneration
 m - 5 potions of haste {unknown}
 p - a potion of ambrosia {unknown}
 t - 2 potions of flight
 z - 2 potions of might {unknown}
 F - 2 potions of agility {unknown}
 L - a potion of cancellation {unknown}
 P - a potion of heal wounds {unknown}
Comestibles
 f - 11 rations


   Skills:
 + Level 7.0 Fighting
 + Level 3.6(3.7) Short Blades
 + Level 1.2(2.6) Long Blades
 + Level 11.0 Slings
 + Level 7.6 Bows
 + Level 4.1 Armour
 + Level 4.7 Dodging
 + Level 4.0 Stealth
 * Level 2.2 Spellcasting
 + Level 3.0 Charms
 * Level 1.8 Air Magic
 + Level 4.3 Evocations


You had 13 spell levels left.
You knew the following spells:

 Your Spells              Type           Power        Failure   Level  Hunger
a - Swiftness             Chrm/Air       #.......     19%         2    ###....

Your spell library contained the following spells:

 Spells                   Type           Power        Failure   Level  Hunger
 Infusion                 Chrm           #...         10%         1    ##.....
 Song of Slaying          Chrm           #.......     14%         2    ###....
 Shock                    Conj/Air       #...         22%         1    ##.....
 Shroud of Golubria       Chrm/Tloc      #.........   26%         2    ###....
 Confusing Touch          Hex            #.....       32%         1    ##.....
 Regeneration             Chrm/Necr      #.........   45%         3    ####...
 Spectral Weapon          Hex/Chrm       #.......     45%         3    ####...
 Static Discharge         Conj/Air       #.......     56%         3    ####...
 Confuse                  Hex            #.......     69%         3    ####...
 Gell's Gravitas          Tloc           #.........   69%         3    ####...
 Airstrike                Air            #.........   83%         4    #####..
 Petrify                  Tmut/Erth      #.......     97%         4    #####..
 Iskenderun's Battlesphe  Conj/Chrm      #.......     99%         5    ######.
 Lightning Bolt           Conj/Air       #.........   99%         5    ######.
 Bolt of Magma            Conj/Fire/Erth #.........   100%        5    ######.
 Metabolic Englaciation   Hex/Ice        #.........   100%        5    ######.
 Venom Bolt               Conj/Pois      #.........   100%        5    ######.
 Yara's Violent Unravell  Hex/Tmut       #.........   100%        5    ######.
 Iron Shot                Conj/Erth      #.........   100%        6    #######
 Orb of Destruction       Conj           #.........   100%        7    #######
 Spellforged Servitor     Conj/Summ      #.........   100%        7    #######


Dungeon Overview and Level Annotations

Branches:
Dungeon (11/15)            Temple (1/1) D:5            Lair (1/6) D:9
    Orc (0/2) D:10

Altars:
Ashenzari
Cheibriados
Dithmenos
Elyvilon
Fedhas
Gozag
Hepliaklqana
Kikubaaqudgha
Makhleb
Nemelex Xobeh
Okawaru
Qazlal
Ru
Sif Muna
Trog
Uskayaw
Vehumet
Wu Jian
Xom
Yredelemnul
Zin
The Shining One

Shops:
D:4 [[??%   D:8 }   D:9 (

Annotations:
D:3 1 runed translucent door, exclusions: ice beast and upstairs, Crazy Yiuf
D:4 exclusion: downstairs
D:5 exclusion: phantom, Edmund
D:6 exclusion: ice beast
D:7 exclusion: hippogriff
D:9 exclusion: downstairs
Lair:1 Harold


Message History

The komodo dragon closely misses you.
You no longer feel sluggish.
There is a stone staircase leading down here.
The komodo dragon bites you!!
You climb downwards.
There is a stone staircase leading up, spattered with blood here.
Things that are here:
a cursed +0 plate armour; a +0 scimitar
Things that are here:
a +0 robe; a +0 dagger You see here a +0 whip.
There is a stone staircase leading up, spattered with blood here.
The komodo dragon bites you!!
* * * LOW HITPOINT WARNING * * *
You climb upwards.
Level annotation: exclusion: downstairs
There is a stone staircase leading down, spattered with blood here.
The komodo dragon bites you!!
You die...
Your body crumbles into a pile of gold. #.............P.P..P..PP... #...............PP.P..PPP.. #...............PPPP..PP.P. #................P.P.P..PP. ##########..P.P..PP.P.P.PP. #....PPP..P>P.P.P. #..P...PPPP.PP..PP #....P..P...P.PP.. #@.P.PPP.PPP.PP.P.

##########l....P.PPP.PP.P.P
#...............PPP.PP.P.P.
#.................PP.....(.
#.........>....P..PPPP.[P..
#......................P...
#.....>.........#....PP....
#...............[..........
##########......#..........


You could see a komodo dragon.

Vanquished Creatures
  A hydra (Lair:1)
  A two-headed ogre (D:10)
  Pikel (D:9)
  A manticore (D:11)
  A black mamba (Lair:1)
  A rime drake (Lair:1)
  A troll (D:9)
  2 hippogriffs
  A spriggan (D:10)
  A wyvern (D:10)
  A wraith (D:10)
  14 yaks
  A hungry ghost (D:11)
  A water moccasin (D:7)
  Duvessa (D:5)
  3 orc warriors
  7 porcupines
  2 phantoms
  A swamp drake (D:10)
  4 ice beasts
  2 sky beasts (D:8)
  An eye of draining (D:9)
  5 ogres
  3 centaurs
  A necrophage (D:6)
  2 crocodiles
  4 bullfrogs
  Dowan (D:5)
  2 scorpions
  A water moccasin skeleton (D:6)
  4 howler monkeys
  2 crimson imps
  A bullfrog zombie (D:8)
  A quasit (D:8)
  2 hounds
  3 orc priests
  An iguana (D:5)
  8 worker ants
  14 orc wizards
  A killer bee zombie (D:7)
  2 hound skeletons
  2 worker ant zombies
  4 gnolls
  9 adders
  A howler monkey skeleton (D:7)
  3 oozes
  2 adder zombies (D:5)
  2 worms
  3 leopard geckos
  46 orcs
  12 bats
  4 giant cockroaches
  8 goblins
  7 hobgoblins
  6 jackals (D:1)
  2 quokkas
  A ball python (D:4)
  8 frilled lizards
  6 kobolds
  2 leopard gecko skeletons
  A quokka skeleton (D:6)
  2 quokka zombies (D:4)
  7 rats
245 creatures vanquished.

Vanquished Creatures (collateral kills)
  An adder (D:4)
  A worm (D:4)
2 creatures vanquished.

Vanquished Creatures (others)
  2 slaves (D:9)
  3 yaks (D:9)
  A black bear (D:9)
  A bullfrog (D:9)
  An orc wizard (D:6)
  An iguana (D:5)
  A rat (D:2)
  13 fungi (D:9)
  3 plants (D:9)
26 creatures vanquished.

Grand Total: 273 creatures vanquished

Notes
Turn   | Place    | Note
-------+----------+-------------------------------------------
     0 | D:1      | H0rd4k the Human Artificer began the quest for the Orb.
     0 | D:1      | Reached XP level 1. HP: 15/15 MP: 3/3
   380 | D:1      | Reached XP level 2. HP: 18/21 MP: 4/4
   641 | D:1      | Reached XP level 3. HP: 13/26 MP: 5/5
  1812 | D:2      | Reached skill level 1 in Armour
  1812 | D:2      | Reached XP level 4. HP: 32/32 MP: 6/6
  1972 | D:3      | You fall through a shaft!
  1972 | D:4      | Found Leostyts's Armour Boutique.
  1972 | D:4      | Found Daddon's Antique Armour Shoppe.
  2035 | D:4      | Reached XP level 5. HP: 17/38 MP: 7/7
  2145 | D:4      | Reached skill level 1 in Slings
  2184 | D:4      | Found Nihihenots's Magic Scroll Emporium.
  2361 | D:3      | Found a runed translucent door.
  2362 | D:3      | Noticed Crazy Yiuf
  2545 | D:3      | Found a snail-covered altar of Cheibriados.
  2652 | D:3      | Found a white marble altar of Elyvilon.
  2652 | D:3      | Found an ancient bone altar of Kikubaaqudgha.
  3088 | D:4      | Reached skill level 2 in Slings
  3131 | D:4      | Reached XP level 6. HP: 30/44 MP: 8/8
  3271 | D:4      | Found Jeujakop's Food Shoppe.
  3278 | D:4      | Found Ruleog's Magic Scroll Shoppe.
  3312 | D:4      | Noticed an ice beast
  3611 | D:5      | Entered Level 5 of the Dungeon
  3634 | D:5      | Noticed Edmund
  3657 | D:5      | Noticed an ogre
  3665 | D:5      | Killed an ogre
  3683 | D:5      | Noticed an ogre
  3741 | D:5      | Killed an ogre
  3741 | D:5      | Reached skill level 3 in Slings
  3741 | D:5      | Reached XP level 7. HP: 43/51 MP: 9/9
  4108 | D:5      | Found a sparkling altar of Nemelex Xobeh.
  4152 | D:5      | Noticed Dowan
  4197 | D:5      | Reached skill level 4 in Slings
  4280 | D:5      | Noticed Duvessa
  4285 | D:5      | Killed Duvessa
  4320 | D:5      | Killed Dowan
  4320 | D:5      | Reached XP level 8. HP: 36/57 MP: 10/10
  4364 | D:5      | Found a staircase to the Ecumenical Temple.
  4716 | Temple   | Entered the Ecumenical Temple
  4872 | Temple   | Became a worshipper of Gozag Ym Sagoz the Greedy
  4909 | D:6      | Found an iron altar of Okawaru.
  5240 | D:6      | Reached skill level 5 in Slings
  5659 | D:6      | Reached skill level 6 in Slings
  5991 | D:7      | Found a glowing golden altar of the Shining One.
  6000 | D:7      | Found a basalt altar of Yredelemnul.
  6115 | D:7      | Reached XP level 9. HP: 41/65 MP: 11/11
  6163 | D:7      | Reached skill level 7 in Slings
  6191 | D:7      | Noticed a hippogriff
  6821 | D:7      | Noticed an angel
  6935 | D:8      | Reached skill level 8 in Slings
  7135 | D:8      | Found a shadowy altar of Dithmenos.
  7697 | D:8      | Found a shattered altar of Ashenzari.
  7712 | D:8      | Found Vuts's Gadget Shop.
  8522 | D:3      | Reached skill level 9 in Slings
  8811 | D:2      | Found a stormy altar of Qazlal.
  8929 | D:2      | Found a glowing golden altar of the Shining One.
  9404 | D:4      | Bought a translucent leather armour for 203 gold pieces
  9404 | D:4      | Bought a twisted helmet for 275 gold pieces
  9459 | D:4      | Bought a scroll of teleportation for 33 gold pieces
  9459 | D:4      | Bought a scroll of teleportation for 33 gold pieces
  9459 | D:4      | Bought a scroll of teleportation for 33 gold pieces
  9480 | D:4      | Bought a scroll of enchant weapon for 97 gold pieces
  9674 | D:8      | Identified the +0 helmet "Bisk" {rPois rF+ SInv} (You
                  | bought it in a shop on level 4 of the Dungeon)
  9684 | D:8      | Identified the cursed +0 leather armour of Integrity {rF+}
                  | (You bought it in a shop on level 4 of the Dungeon)
  9813 | D:9      | Noticed Pikel
  9823 | D:9      | Killed Pikel
  9823 | D:9      | Reached XP level 10. HP: 73/73 MP: 12/12
  9868 | D:9      | Reached skill level 5 in Fighting
  9938 | D:9      | Reached skill level 10 in Slings
  9961 | D:9      | Found a staircase to the Lair.
  9981 | D:9      | Found a burning altar of Makhleb.
  9987 | D:9      | Found a radiant altar of Vehumet.
 10174 | D:9      | Reached skill level 1 in Long Blades
 10271 | D:9      | Found a bloodstained altar of Trog.
 10472 | D:9      | Found Huidol Gadd's Antique Weapon Boutique.
 10477 | D:9      | Bought a runed shortbow for 174 gold pieces
 10622 | D:10     | Entered Level 10 of the Dungeon
 10851 | D:10     | Reached skill level 1 in Bows
 11433 | D:10     | Noticed a two-headed ogre
 11756 | D:10     | Killed a two-headed ogre
 11756 | D:10     | Reached XP level 11. HP: 78/81 MP: 14/14
 11911 | D:10     | Reached skill level 11 in Slings
 12594 | D:10     | Reached skill level 5 in Bows
 12598 | D:10     | Found a staircase to the Orcish Mines.
 13060 | D:11     | Noticed a manticore
 13071 | D:11     | Killed a manticore
 13453 | D:11     | HP: 2/83 [orc warrior/+0 trident (15)]
 13829 | D:11     | Noticed a skeletal warrior
 13876 | D:10     | Learned a level 2 spell: Swiftness
 14034 | Lair:1   | Entered Level 1 of the Lair of Beasts
 14045 | Lair:1   | Reached skill level 1 in Charms
 14324 | Lair:1   | Noticed a seven-headed hydra
 14327 | Lair:1   | Killed a seven-headed hydra
 14327 | Lair:1   | Reached skill level 1 in Spellcasting
 14327 | Lair:1   | Reached skill level 1 in Air Magic
 15437 | Lair:1   | Reached XP level 12. HP: 88/91 MP: 15/15
 15438 | Lair:1   | Noticed Harold
 15799 | D:9      | Slain by a komodo dragon

Skill      XL: |  1  2  3  4  5  6  7  8  9 10 11 |
---------------+----------------------------------+-----
Short Blades   | 2 3 |  3.6
Armour         | 1 2 3 4 |  4.1
Slings         | 2 3 4 6 9 10 11 | 11.0
Fighting       | 2 3 4 6 7 |  7.0
Dodging        | 3 4 |  4.7
Stealth        | 2 3 4 |  4.0
Long Blades    | 1 |  1.2
Bows           | 4 7 |  7.6
Evocations     | 4 |  4.3
Charms         | 3 |  3.0
Spellcasting   | 2 |  2.2
Air Magic      | 1 |  1.8

Action                   |  1- 3 |  4- 6 |  7- 9 | 10-12 || total
-------------------------+-------+-------+-------+-------++-------
Melee: Short sword       |   148 |    94 |    30 |       ||   272
       Falchion          |       |       |    13 |    32 ||    45
       Hunting sling     |       |       |     4 |       ||     4
       Shortbow          |       |       |       |     4 ||     4
 Fire: Hunting sling     |    20 |    53 |   389 |   122 ||   584
       Shortbow          |       |       |       |   280 ||   280
Throw: Throwing net      |       |     1 |       |       ||     1
 Cast: Swiftness         |       |       |       |     1 ||     1
Evoke: Wand              |       |     5 |    21 |    23 ||    49
  Use: Scroll            |       |       |    17 |     2 ||    19
       Potion            |       |       |     1 |     1 ||     2
 Stab: Sleeping          |     3 |     4 |     1 |       ||     8
  Eat: Chunk             |     2 |     6 |     4 |       ||    12
       Ration            |       |       |     5 |     5 ||    10
Armor: Leather armour    |    48 |    23 |    61 |    26 ||   158
Dodge: Dodged            |   117 |    87 |    94 |   124 ||   422
